Map: Lightshade LE

Players

Vanya - Winner!

  • Race: Zerg Zerg
  • League: Grandmaster
  • Spawn Location: 5:00

Spatz

  • Race: Protoss Protoss
  • League: Grandmaster
  • Spawn Location: 11:00

Event: DreamHack SC2 Masters 2020 Winter

VOD

Have the link to the VOD?

Description

Time

  • Played on: Oct. 16, 2020, 1:26 p.m.
  • Length: 10:27

All games in this series

Show
View Real Time Build Order
Export as new Build Order

Vanya Zerg - Winner!

Build Orders: Pool First 

Get SALT Encoding   

  12  0:16  Spawning Pool  
  11  0:21  Drone  
  11  0:26  Drone  
  13  0:30  Drone  
  14  0:38  Overlord  
  14  1:03  Queen, Zergling x4  
  18  1:04  Zergling x2  
  19  1:15  Zergling x2  
  20  1:30  Zergling x2  
  20  1:32  Hatchery  
  20  1:37  Zergling x2  
  21  1:48  Drone  
  22  1:55  Extractor  
  21  2:04  Drone  
  21  2:15  Overlord  
  21  2:21  Queen  
  21  2:22  Spore Crawler  
  23  2:33  Drone x3  
  26  2:42  Drone  
  27  2:45  Drone x4  
  31  2:56  Drone x2  
  33  3:05  Overlord  
  33  3:06  Metabolic Boost  
  33  3:12  Queen  
  33  3:16  Drone  
  36  3:29  Hatchery  
  36  3:34  Drone  
  36  3:37  Spore Crawler  
  36  3:38  Drone  
  37  3:43  Drone x2  
  37  3:44  Drone  
  40  3:49  Drone  
  40  3:55  Overlord  
  41  3:58  Drone  
  41  4:02  Overlord  
  42  4:05  Drone x2  
  42  4:08  Extractor, Roach Warren  
  42  4:15  Drone x4  
  46  4:19  Drone  
  46  4:21  Overlord  
  47  4:27  Drone x2  
  49  4:38  Overlord  
  48  4:48  Evolution Chamber  
  48  4:49  Roach  
  48  4:50  Roach x5  
  60  4:57  Overlord  
  60  5:00  Zergling x10  
  65  5:08  Overlord  
  65  5:12  Zergling x8  
  68  5:24  Zergling x4  
  68  5:25  Drone x7  
  77  5:32  Lair, Extractor  
  77  5:33  Ravager x2  
  78  5:38  Drone  
  78  5:41  Zergling x6  
  81  5:44  Overlord  
  81  5:45  Drone, Ravager  
  81  5:49  Overlord  
  83  5:54  Overlord  
  83  5:55  Drone  
  83  5:56  Drone  
  81  6:04  Roach x3  
  85  6:12  Spore Crawler  
  85  6:15  Roach  
  85  6:16  Roach x4  
  95  6:22  Extractor  
  95  6:24  Drone x3, Overlord  
  97  6:29  Ravager  
  97  6:32  Overseer  
  97  6:37  Drone x3  
  97  6:38  Drone x4  
  104  6:42  Extractor, Overlord, Glial Reconstitution  
  103  6:51  Roach x3  
  109  6:58  Overlord  
  109  7:00  Overlord  
  103  7:16  Drone x5  
  103  7:20  Spire  
  103  7:21  Drone x2  
  105  7:24  Extractor  
  105  7:28  Drone x3, Overlord  
  107  7:31  Zergling x12  
  112  7:38  Ravager  
  113  7:47  Overlord  
  113  7:51  Overlord  
  113  7:52  Overlord  
  113  7:53  Roach x3  
  119  7:58  Roach  
  119  7:59  Roach x7  
  135  8:05  Overlord  
  135  8:11  Overlord  
  135  8:17  Drone x3  
  135  8:18  Drone  
  139  8:22  Overlord  
  139  8:31  Mutalisk  
  139  8:32  Mutalisk x4, Hatchery  
  148  8:38  Mutalisk  
  148  8:39  Mutalisk x2  
  154  8:45  Overlord  
  154  8:47  Mutalisk  
  156  8:50  Overlord  
  156  8:53  Drone x2  
  158  8:56  Evolution Chamber, Drone x3  
  158  8:57  Overlord  
  158  8:59  Overlord  
  160  9:09  Roach x5  
  163  9:18  Roach x5  
  170  9:25  Overlord  
  170  9:27  Ravager x2  
  170  9:28  Roach x3  
  178  9:35  Roach x4  
  178  9:37  Ravager x2  
  188  9:47  Roach x5  
  198  9:53  Roach  
Show
View Real Time Build Order
Export as new Build Order

Spatz Protoss 

Build Orders:  

Get SALT Encoding   

  12  0:00  Probe  
  13  0:14  Pylon  
  13  0:17  Probe (Chrono Boost)  
  14  0:27  Probe (Chrono Boost)  
  15  0:32  Probe (Chrono Boost)  
  16  0:39  Gateway  
  16  0:44  Probe  
  16  0:49  Assimilator  
  17  0:56  Probe  
  18  1:08  Probe  
  19  1:11  Gateway  
  19  1:14  Pylon  
  19  1:25  Pylon  
  20  1:29  Cybernetics Core  
  20  1:31  Zealot (Chrono Boost)  
  21  1:35  Probe  
  22  1:47  Probe  
  22  1:51  Zealot (Chrono Boost)  
  25  1:57  Pylon  
  25  2:05  Adept (Chrono Boost)  
  25  2:14  Pylon  
  25  2:22  Warp Gate  
  25  2:25  Adept  
  27  2:36  Nexus  
  25  2:39  Probe  
  25  2:43  Assimilator  
  26  2:47  Adept  
  26  2:51  Probe  
  29  3:00  Robotics Facility  
  29  3:06  Pylon  
  29  3:11  Probe  
  30  3:23  Probe  
  30  3:24  Stalker  
  33  3:35  Probe  
  34  3:44  Sentry  
  34  3:46  Warp Prism (Chrono Boost)  
  36  3:50  Probe  
  40  4:06  Gateway  
  40  4:13  Probe, Immortal (Chrono Boost)  
  44  4:20  Adept  
  46  4:25  Probe  
  46  4:27  Gateway  
  47  4:39  Gateway  
  47  4:40  Probe  
  48  4:46  Immortal (Chrono Boost)  
  52  5:01  Gateway  
  52  5:02  Sentry  
  54  5:09  Pylon  
  54  5:25  Shield Battery  
  54  5:27  Probe x2  
  56  5:28  Pylon  
  56  5:31  Stalker x3  
  62  5:43  Pylon  
  62  5:46  Probe x2  
  64  5:58  Probe x2  
  64  6:00  Robotics Bay  
  66  6:10  Probe  
  67  6:16  Probe  
  67  6:17  Assimilator  
  62  6:18  Assimilator  
  62  6:22  Probe  
  62  6:23  Adept  
  62  6:24  Adept x2  
  69  6:26  Pylon  
  69  6:28  Probe  
  70  6:35  Probe  
  71  6:40  Probe  
  71  6:42  Stalker  
  71  6:44  Disruptor (Chrono Boost)  
  75  6:47  Probe  
  75  6:52  Pylon, Probe  
  79  6:59  Probe  
  80  7:04  Probe  
  81  7:11  Probe  
  81  7:13  Disruptor (Chrono Boost)  
  79  7:19  Probe  
  80  7:31  Twilight Council, Probe x2  
  82  7:38  Nexus  
  82  7:41  Pylon  
  82  7:43  Probe  
  83  7:45  Probe  
  84  7:53  Colossus (Chrono Boost)  
  84  7:55  Probe  
  84  7:57  Probe  
  92  8:01  Extended Thermal Lance (Chrono Boost)  
  92  8:03  Blink (Chrono Boost)  
  92  8:04  Pylon  
  92  8:07  Probe  
  92  8:09  Gateway, Probe  
  92  8:11  Phoenix, Gateway  
  91  8:21  Stalker x2  
  91  8:22  Stalker x2  
  91  8:23  Zealot  
  101  8:35  Colossus (Chrono Boost)  
  107  8:41  Pylon  
  107  8:50  Probe x2  
  107  8:54  Sentry  
  107  8:55  Stalker x3  
  117  9:00  Probe  
  118  9:03  Stalker x2  
  120  9:12  Warp Prism (Chrono Boost)  
  119  9:26  Stalker x5  
  129  9:33  Assimilator  
  129  9:35  Pylon  
  129  9:38  Stalker  
  123  9:46  Probe  
  121  9:57  Stalker  
  121  9:58  Stalker x5  
  128  10:06  Probe  
Tags
 
Add a new tag
Caveats
  • Supply blocks, unpowered buildings, or Contaminate may cause inaccurate times.
  • Supply counts are checked every 10 seconds.